 Dungeon Crawl Stone Soup version 0.31-a0-506-g3d79149578 (webtiles) character file.

Game seed: 15841974522049476528

84813 GordonOverkill the Metamorph (level 15, -5/108 HPs)
             Began as a Vine Stalker Delver on Aug 9, 2023.
             Was a Believer of Hepliaklqana.
             Slain by Saint Roka
             ... wielding a +1 great mace
              (17 damage)
             ... on level 2 of the Orcish Mines.
             The game lasted 00:48:53 (22320 turns).

GordonOverkill the Metamorph (Vine Stalker Delver) Turns: 22320, Time: 00:48:54

Health: -5/108     AC: 24    Str: 26    XL:     15   Next: 81%
Magic:  0/20       EV: 14    Int:  8    God:    Hepliaklqana [**....]
Gold:   3272       SH:  0    Dex: 17    Spells: 14/14 levels left

rFire   . .          .
                       - Unarmed
rCold   + . .        A - melded +2 kite shield
rNeg    + . .        P - +10 plate armour of Sif Muna's Delight {rC+ Stlth+}
rPois   .            j - +0 helmet
rElec   .            B - +0 cloak
rCorr   .            J - melded +0 pair of gloves
SInv    .            l - +1 pair of boots {Stlth+}
Will    +....        T - amulet of faith Stlth
                     y - ring of Tickebb {rN+ Str+5 Int-2}
HPRegen 1.18/turn    I - +5 ring of evasion
MPRegen 0.17/turn

%: guardian spirit, faith
@: berserking, blade hands, studying Shields, very quick
A: reduced essence, fangs 3, regeneration 1, magic shield, antimagic bite, no
potion heal 2
a: Begin Untransformation, Renounce Religion, Recall Ancestor, Ancestor Identity


You were on level 2 of the Orcish Mines.
You worshipped Hepliaklqana.
Hepliaklqana was pleased with you.
You had blades for hands.
You visited 3 branches of the dungeon, and saw 22 of its levels.
You also visited: Trove, Ossuary, Bailey and Ice Cave.

You collected 4649 gold pieces.
You spent 1377 gold pieces at shops.

Inventory:

Missiles
 X - a throwing net
Armour
 j - a +0 helmet (worn)
 l - a +1 pair of boots of stealth (worn)
 x - the -1 cloak of Hospitality {-Tele +Inv Regen+ MP+9}
   (You found it on level 6 of the Dungeon)

   MP+9:      It affects your magic capacity (+9).
   +Inv:      It lets you turn invisible.
   -Tele:     It prevents most forms of teleportation.
   Regen+:    It increases your rate of health regeneration.
 A - a +2 kite shield (melded)
 B - a +0 cloak (worn)
 J - a +0 pair of gloves (melded)
 P - the +10 plate armour of Sif Muna's Delight (worn) {rC+ Stlth+}
   (You bought it in a shop on level 1 of the Orcish Mines)

   rC+:       It protects you from cold.
   Stlth+:    It makes you more stealthy.
Jewellery
 a - the ring "Neobofid" {Fly Dex+3 SInv Stlth+}
   (You found it on level 5 of the Lair of Beasts)

   [ring of flight]

   Dex+3:     It affects your dexterity (+3).
   SInv:      It lets you see invisible.
   Fly:       It grants you flight.
   Stlth+:    It makes you more stealthy.
 e - an amulet of regeneration
 p - the ring "Quneipry" {rC+ Int+3}
   (You found it in a treasure trove)

   [ring of protection from cold]

   Int+3:     It affects your intelligence (+3).
   rC+:       It protects you from cold.
 w - a ring of poison resistance
 y - the ring of Tickebb (left blade hand) {rN+ Str+5 Int-2}
   (You bought it in a shop on level 2 of the Dungeon)

   [ring of positive energy]

   Str+5:     It affects your strength (+5).
   Int-2:     It affects your intelligence (-2).
   rN+:       It protects you from negative energy.
 I - a +5 ring of evasion (right blade hand)
 R - a ring of willpower
 T - an amulet of faith (around neck)
 Y - a ring of protection from fire
Talismans
 N - a blade talisman (active)
Wands
 f - a wand of digging (6)
 n - a wand of charming (15)
 r - a wand of mindburst (2)
 K - a wand of roots (18)
 S - a wand of polymorph (18)
 Z - a wand of flame (11)
Scrolls
 b - 6 scrolls of fog
 c - 4 scrolls of revelation
 d - 5 scrolls of fear
 i - 10 scrolls of teleportation
 m - 4 scrolls of immolation
 t - 4 scrolls of amnesia
 C - 6 scrolls of poison
 D - 5 scrolls of vulnerability
 E - a scroll of torment
 L - 3 scrolls of silence
 O - 4 scrolls of identify
 U - 9 scrolls of enchant armour
 V - a scroll of butterflies
Potions
 g - 11 potions of curing
 k - 2 potions of berserk rage
 o - 4 potions of might
 q - 4 potions of heal wounds
 u - 4 potions of lignification
 v - 2 potions of cancellation
 z - 11 potions of brilliance
 F - a potion of invisibility
 G - a potion of enlightenment
 H - 4 potions of haste
 M - 8 potions of mutation
 Q - a potion of ambrosia
 W - 2 potions of magic


   Skills:
 + Level 10.6 Fighting
 - Level 5.0 Armour
 - Level 5.0 Dodging
 - Level 6.0 Stealth
 - Level 5.0 Shields
 + Level 12.6 Unarmed Combat
 - Level 6.0 Invocations
 - Level 3.0 Evocations
 + Level 15.9 Shapeshifting


You had 14 spell levels left.
You didn't know any spells.
Your spell library contained the following spells:

 Spells                   Type           Power      Damage    Failure   Level
 Apportation              Tloc           0%         N/A       100%        1
 Freeze                   Ice            0%         1d3       100%        1
 Magic Dart               Conj           0%         1d3       100%        1
 Necrotise                Necr           0%         1d4       100%        1
 Summon Small Mammal      Summ           0%         N/A       100%        1
 Call Imp                 Summ           0%         N/A       100%        2
 Cigotuvi's Dreadful Rot  Necr/Pois/Air  0%         N/A       100%        2
 Lesser Beckoning         Tloc           0%         N/A       100%        2
 Poisonous Vapours        Pois/Air       0%         N/A       100%        2
 Searing Ray              Conj           0%         2d4       100%        2
 Call Canine Familiar     Summ           0%         N/A       100%        3
 Frozen Ramparts          Ice            0%         1d1       100%        3
 Gell's Gravitas          Tloc           0%         N/A       100%        3
 Hailstorm                Conj/Ice       0%         3d3       100%        3
 Ignite Poison            Fire/Tmut/Pois 0%         N/A       100%        3
 Mephitic Cloud           Conj/Pois/Air  0%         N/A       100%        3
 Ozocubu's Armour         Ice            0%         N/A       100%        3
 Stone Arrow              Conj/Erth      0%         3d7       100%        3
 Summon Guardian Golem    Hex/Summ       0%         N/A       100%        3
 Teleport Other           Tloc           0%         N/A       100%        3
 Volatile Blastmotes      Fire/Tloc      0%         2d10      100%        3
 Animate Armour           Summ/Erth      0%         N/A       100%        4
 Dispel Undead            Necr           0%         3d6       100%        4
 Fulminant Prism          Conj/Hex       0%         3d5       100%        4
 Iskenderun's Mystic Bla  Conj/Tloc      0%         2d3       100%        4
 Olgreb's Toxic Radiance  Pois           0%         N/A       100%        4
 Sticky Flame             Conj/Fire      0%         2d3       100%        4
 Summon Lightning Spire   Summ/Air       0%         N/A       100%        4
 Fireball                 Conj/Fire      0%         3d3       100%        5
 Freezing Cloud           Conj/Ice/Air   0%         6-21      100%        5
 Iskenderun's Battlesphe  Conj           0%         2d6       100%        5
 Lee's Rapid Deconstruct  Erth           0%         3d4*      100%        5
 Metabolic Englaciation   Hex/Ice        0%         N/A       100%        5
 Summon Forest            Summ/Tloc      0%         N/A       100%        5
 Summon Mana Viper        Hex/Summ       0%         N/A       100%        5
 Conjure Ball Lightning   Conj/Air       0%         3x3d6     100%        6
 Death Channel            Necr           0%         N/A       100%        6
 Simulacrum               Ice/Necr       0%         N/A       100%        6
 Summon Cactus Giant      Summ           0%         N/A       100%        6
 Orb of Destruction       Conj           0%         9d5       100%        7
 Discord                  Hex            0%         N/A       100%        8
 Ignition                 Fire           0%         3d3       100%        8
 Lehudib's Crystal Spear  Conj/Erth      0%         10d2      100%        8


Dungeon Overview and Level Annotations

Branches:
Dungeon (15/15)            Temple (0/1) D:4            Lair (5/5) D:9
  Swamp (0/4) Lair:3       Spider (0/4) Lair:2        Slime (0/5) Lair:4
    Orc (2/2) D:10            Elf (0/3) Orc:2        Vaults (0/5) D:13
 Depths (0/4) D:15        Ossuary (visited)          Bailey (visited)
  IceCv (visited)

Altars:
Fedhas
Gozag
Hepliaklqana
Okawaru
Qazlal
Ru
Trog
Uskayaw
Wu Jian
Xom
Yredelemnul
The Shining One

Shops:
D:2 *   D:13 !   Orc:1 [   Orc:2 [

Portals:
Abyss: Lair:2

Annotations:
Lair:2 2 transporters, hackon's ghost, journeyman OgFE
Orc:2 Saint Roka


Innate Abilities, Weirdness & Mutations

You have blades for hands.
Your spellcasting is less reliable in this form.
You are incapable of wielding weapons or throwing items.
Your life essence is reduced to manifest your ancestor. (-10% HP)
You have razor-sharp teeth.
Your natural rate of healing is unusually fast.
When hurt, damage is shared between your health and your magic reserves.
Your bite disrupts and absorbs the magic of your enemies.
Potions cannot restore your health.


Message History

You hit Saint Roka but do no damage. Your bite misses Saint Roka.
Saint Roka is lightly wounded.
Saint Roka hits you with a +1 great mace!!
* * * LOW HITPOINT WARNING * * *
Kleine Eule hits Saint Roka with a +0 quarterstaff!!
You slice Saint Roka!!
Saint Roka is moderately wounded.
Saint Roka says, "In the orcish mines, orcs kill the likes of YOU!"
Saint Roka hits you with a +1 great mace!
* * * LOW HITPOINT WARNING * * *
Kleine Eule hits Saint Roka with a +0 quarterstaff.
Okay, then.
A red film seems to cover your vision as you go berserk!
You feel yourself moving faster!
You feel mighty!
Saint Roka invokes the aid of Beogh against you.
Beogh smites you!
* * * LOW HITPOINT WARNING * * *
Kleine Eule hits Saint Roka with a +0 quarterstaff.
You completely miss Saint Roka. You bite Saint Roka! You drain their power.
You feel invigorated.
Saint Roka is moderately wounded.
Saint Roka hits you but does no damage.
You slice Saint Roka!! You slash Saint Roka! You bite Saint Roka!
You drain their power.
You feel invigorated.
Saint Roka is heavily wounded.
Kleine Eule points at Saint Roka and mumbles some strange words.
The bolt of magma hits Saint Roka.
You closely miss Saint Roka. You bite Saint Roka. You drain their power.
Saint Roka is heavily wounded.
Saint Roka invokes the aid of Beogh against you.
Beogh smites you!
* * * LOW HITPOINT WARNING * * *
You barely miss Saint Roka.
Saint Roka is heavily wounded.
Kleine Eule hits Saint Roka but does no damage.
You slice Saint Roka!! You bite Saint Roka! You drain their power.
You feel invigorated.
Saint Roka is severely wounded.
Saint Roka hits you with a +1 great mace!!!
You die...

...).............................
...)......................#....##
..[<[))......o.................#
.#..#..............#'###.......+
####.......>......##)).##......#
#..............#))...#......#
#......#........#..8..#......#
##.#....#.....o.#.....#......#
#.............@R##...##......#
##.............))#####.......##
##..#####.....................
#..# ##.....)..)........... ...
#..#........)....)... #.
#..#........#........ ...
#..#....#...##...##.# ...#
##.#.....##......#.###
....#####..##...####........#


You could see the friendly Kleine Eule the battlemage, Saint Roka (ally target)
and an orc (strong).

Vanquished Creatures
  Jorgrun (D:15)
  Josephine (D:15)
  A fire dragon (Lair:5)
  3 hydras
  An ice dragon (D:15)
  3 centaur warriors
  A catoblepas (Lair:2)
  An ogre mage (D:13)
  A boulder beetle (Lair:4)
  A two-headed ogre (D:11)
  6 death yaks
  2 orc high priests (Orc:2)
  A skeletal warrior (D:13)
  Amaemon (D:10)
  A skyshark (Lair:3)
  A lindwurm (Lair:5)
  7 orc knights
  2 ugly things
  A manticore (D:12)
  4 orc sorcerers
  A deep elf pyromancer (D:15)
  3 cyclopes
  14 elephants
  3 black mambas
  An orange demon (D:10)
  7 cane toads
  2 ice statues (IceCv)
  3 molten gargoyles (Lair:5)
  A gargoyle (D:14)
  3 centaur skeletons (D:13)
  2 kobold demonologists (D:9)
  A rime drake (Lair:1)
  2 yaktaurs (D:13)
  10 komodo dragons
  2 anaconda simulacra (IceCv)
  An efreet (D:14)
  3 trolls
  4 polar bears
  A hornet (D:15)
  17 blink frogs
  2 centaur simulacra
  5 dream sheep (Lair:3)
  A shadow (D:13)
  5 slime creatures
  A culicivora (Lair:2)
  3 wyverns
  4 wraiths
  23 yaks
  3 basilisks
  Eustachio (D:6)
  9 vampire mosquitoes
  2 steam dragons (Lair:5)
  3 wargs (Orc:2)
  An acid dragon (D:11)
  2 hell hounds (Lair:5)
  6 water moccasins
  23 orc warriors
  2 black bears
  A sky beast (D:7)
  An ice beast (D:7)
  6 centaurs
  9 ogres
  3 kobold brigands
  11 bullfrogs
  6 scorpions (Ossuary)
  3 wights
  A hornet simulacrum (D:15)
  5 killer bees
  2 elephant simulacra (IceCv)
  A howler monkey (D:11)
  5 lava snakes (Lair:5)
  2 centaur zombies (Ossuary)
  2 jellies (D:6)
  12 orc priests
  A human zombie (Ossuary)
  A gnoll bouda (D:7)
  3 hounds
  A sleepcap (D:8)
  3 iguanas
  2 scorpion zombies (Ossuary)
  13 orc wizards
  3 mummies (Ossuary)
  8 gnolls
  3 adders
  9 white imps (Lair:3)
  An ufetubus (D:4)
  3 dart slugs
  46 orcs
  9 ball pythons
  3 bats
  6 endoplasms
  3 giant cockroaches
  11 goblins
  3 hobgoblins
  4 jackals
  3 quokkas
  7 frilled lizards
  2 goblin zombies (Ossuary)
  A hobgoblin zombie (Ossuary)
  18 kobolds
  3 kobold zombies (Ossuary)
  An orc zombie (Ossuary)
  4 rats
  A spectral goblin (D:3)
463 creatures vanquished.

Vanquished Creatures (collateral kills)
  A quicksilver ooze (shapeshifter) (D:13)
  A fire dragon (D:15)
  A catoblepas (Lair:5)
  A centaur warrior (D:14)
  A two-headed ogre (D:12)
  A boulder beetle (Lair:2)
  A tengu warrior (D:13)
  A death yak (Lair:3)
  4 orc knights
  3 manticores
  2 cyclopes (D:12)
  An ice statue (IceCv)
  3 elephants
  3 black mambas (Lair:5)
  2 cane toads
  A centaur skeleton (D:13)
  A gargoyle (D:11)
  An anaconda simulacrum (IceCv)
  2 komodo dragons
  A freezing wraith (IceCv)
  5 trolls
  A hornet (D:11)
  2 dream sheep (Lair:3)
  10 blink frogs
  3 slime creatures (D:12)
  A culicivora (Lair:2)
  A shadow (D:11)
  3 wraiths
  7 yaks
  A basilisk (Lair:5)
  6 vampire mosquitoes
  Edmund (D:6)
  3 water moccasins
  A hell hound (Lair:5)
  Pargi (D:4)
  17 orc warriors
  A black bear (Lair:2)
  4 centaurs (D:11)
  2 ogres (Orc:1)
  A phantom (D:6)
  2 kobold brigands
  4 bullfrogs
  A gnoll sergeant (D:10)
  5 scorpions (Ossuary)
  3 wights
  7 killer bees
  An electric eel (D:7)
  2 centaur zombies (Ossuary)
  A human zombie (Ossuary)
  10 orc priests
  An iguana (D:6)
  A gnoll bouda (D:6)
  3 scorpion zombies (Ossuary)
  13 orc wizards
  A polar bear simulacrum (IceCv)
  A wolf simulacrum (IceCv)
  4 adders
  8 gnolls
  3 white imps (Lair:3)
  A worm (D:3)
  76 orcs
  A ball python (D:1)
  A giant cockroach (D:1)
  4 goblins
  A hobgoblin (D:4)
  A jackal (D:5)
  A quokka (D:2)
  A bat (D:2)
  A frilled lizard (D:3)
  A goblin zombie (Ossuary)
  A hobgoblin zombie (Ossuary)
  14 kobolds
  An orc zombie (Ossuary)
279 creatures vanquished.

Vanquished Creatures (others)
  A bullfrog (Lair:3)
  28 battlemagi
29 creatures vanquished.

Grand Total: 771 creatures vanquished

Notes
Turn   | Place    | Note
-------+----------+-------------------------------------------
     0 | D:5      | GordonOverkill the Vine Stalker Delver began the quest for
                  | the Orb.
     0 | D:5      | Reached XP level 1. HP: 11/11 MP: 2/2
     1 | D:6      | Noticed a jelly
    29 | D:3      | Found a hazy altar of Hepliaklqana.
    62 | D:3      | Became a worshipper of Hepliaklqana the Forgotten
   162 | D:3      | Reached XP level 2. HP: 16/16 MP: 3/3
   248 | D:4      | Found a staircase to the Ecumenical Temple.
   329 | D:4      | Reached skill level 1 in Invocations
   329 | D:4      | Reached XP level 3. HP: 19/19 MP: 4/4
   581 | D:1      | Reached skill level 1 in Shields
   631 | D:1      | Reached * piety under Hepliaklqana
   700 | D:1      | Gained mutation: Your natural rate of healing is unusually
                  | fast. [Vine Stalker growth]
   700 | D:1      | Reached XP level 4. HP: 20/20 MP: 6/6
  1316 | D:1      | Reached ** piety under Hepliaklqana
  1565 | D:2      | Found Juatudet's Assorted Antiques.
  2145 | D:2      | Bought a glittering pewter ring for 120 gold pieces
  2145 | D:2      | Identified the ring of Tickebb {rN+ Str+5 Int-2} (You
                  | bought it in a shop on level 2 of the Dungeon)
  2478 | D:3      | Reached XP level 5. HP: 24/24 MP: 7/7
  2532 | D:3      | Found a hide-covered altar of Uskayaw.
  2595 | D:4      | Reached *** piety under Hepliaklqana
  2667 | D:4      | Noticed Pargi
  2683 | D:4      | Killed Pargi
  2684 | D:4      | Reached XP level 6. HP: 28/28 MP: 8/8
  2817 | D:4      | Reached skill level 5 in Unarmed Combat
  2926 | D:4      | Remembered your ancestor Kleine Eule as a battlemage
  3284 | D:5      | Reached XP level 7. HP: 30/31 MP: 10/10
  3674 | D:5      | Reached **** piety under Hepliaklqana
  3812 | D:6      | Noticed Edmund
  3821 | D:6      | Killed Edmund
  3874 | D:6      | Found a bloodstained altar of Trog.
  3910 | D:6      | Noticed Eustachio
  3924 | D:6      | Killed Eustachio
  3925 | D:6      | Gained mutation: You have razor-sharp teeth. [Vine Stalker
                  | growth]
  3925 | D:6      | Reached XP level 8. HP: 35/35 MP: 12/12
  3958 | D:6      | Identified the -1 cloak of Hospitality {-Tele +Inv Regen+
                  | MP+9}
  4339 | D:7      | Noticed a wyvern
  4344 | D:7      | Reached skill level 5 in Invocations
  4348 | D:7      | Killed a wyvern
  4349 | D:7      | Reached XP level 9. HP: 26/38 MP: 8/13
  4359 | D:7      | Reached skill level 5 in Shields
  4449 | D:7      | Found a sand-covered staircase.
  4455 | Ossuary  | Entered an ossuary
  4571 | Ossuary  | Reached skill level 10 in Unarmed Combat
  5173 | D:7      | Noticed a troll
  5177 | D:7      | Reached XP level 10. HP: 36/43 MP: 10/14
  5182 | D:7      | Reached skill level 1 in Armour
  5182 | D:7      | Reached skill level 1 in Evocations
  5348 | D:7      | Found a glowing golden altar of the Shining One.
  5736 | D:8      | Reached ***** piety under Hepliaklqana
  5862 | D:8      | Found a sacrificial altar of Ru.
  5862 | D:8      | Found an opulent altar of Gozag.
  6066 | D:8      | Identified the +2 ring mail of the Bells {Rampage rPois
                  | Regen+ Str-2}
  6138 | D:8      | Found a blossoming altar of Fedhas.
  6138 | D:8      | Found an iron altar of Okawaru.
  6231 | D:9      | Found a basalt altar of Yredelemnul.
  6258 | D:9      | Found a flagged portal.
  6268 | Bailey   | Entered a bailey
  6446 | Bailey   | Noticed an orc knight
  6496 | Bailey   | Killed an orc knight
  6584 | Bailey   | Noticed an orc knight
  6587 | Bailey   | Reached XP level 11. HP: 48/48 MP: 15/15
  6594 | Bailey   | Killed an orc knight
  6595 | Bailey   | Reached skill level 5 in Fighting
  6856 | D:9      | Found a staircase to the Lair.
  6874 | D:9      | Noticed a sun demon
  7409 | D:10     | Entered Level 10 of the Dungeon
  7554 | D:10     | Found a staircase to the Orcish Mines.
  7678 | D:10     | Reached skill level 1 in Shapeshifting
  7887 | D:10     | Reached skill level 5 in Dodging
  8109 | D:10     | Noticed Amaemon
  8125 | D:10     | Killed Amaemon
  8126 | D:10     | Reached skill level 2 in Shapeshifting
  8132 | D:10     | Reached skill level 5 in Armour
  8363 | D:11     | Reached skill level 3 in Shapeshifting
  8470 | D:11     | Reached skill level 4 in Shapeshifting
  8939 | D:11     | Reached skill level 5 in Shapeshifting
  9102 | D:11     | Reached XP level 12. HP: 54/54 MP: 16/16
  9619 | D:11     | Noticed a two-headed ogre
  9626 | D:11     | Killed a two-headed ogre
  9627 | D:11     | Reached skill level 6 in Shapeshifting
 10424 | D:12     | Noticed a two-headed ogre
 10433 | D:12     | Killed a two-headed ogre
 10434 | D:12     | Reached skill level 7 in Shapeshifting
 10837 | D:12     | Reached skill level 8 in Shapeshifting
 11050 | Lair:1   | Entered Level 1 of the Lair of Beasts
 11429 | Lair:1   | Reached skill level 9 in Shapeshifting
 11695 | Lair:1   | Reached XP level 13. HP: 61/61 MP: 17/17
 12151 | Lair:2   | Noticed a cacodemon
 12154 | Lair:2   | Noticed hackon's ghost (journeyman OgFE)
 12229 | Lair:2   | Found a transporter.
 12368 | Lair:2   | Found a transporter.
 12444 | Lair:2   | Found a hole to the Spider Nest.
 12572 | Lair:2   | Reached skill level 10 in Fighting
 12755 | Lair:2   | Found a one-way gate to the infinite horrors of the Abyss.
 12978 | Lair:3   | Reached ****** piety under Hepliaklqana
 12985 | Lair:3   | Found a frozen archway.
 13089 | IceCv    | Entered an ice cave
 13684 | Lair:2   | Reached skill level 10 in Shapeshifting
 13920 | Lair:2   | Reached XP level 14. HP: 52/69 MP: 13/19
 14100 | Lair:3   | Reached skill level 11 in Shapeshifting
 14142 | Lair:3   | Found a staircase to the Swamp.
 14862 | Lair:4   | Found a staircase to the Slime Pits.
 15423 | Lair:5   | Entered Level 5 of the Lair of Beasts
 15675 | Lair:5   | Reached skill level 12 in Shapeshifting
 16007 | Lair:5   | Identified the ring "Neobofid" {Fly Dex+3 SInv Stlth+}
 16511 | Lair:5   | Reached skill level 13 in Shapeshifting
 16674 | Lair:5   | Found a large runed translucent door.
 16675 | Lair:5   | Found a large runed translucent door.
 17518 | D:13     | Reached XP level 15. HP: 46/72 MP: 16/20
 17528 | D:13     | Reached skill level 14 in Shapeshifting
 17584 | D:13     | Found a gate to the Vaults.
 17724 | D:13     | Found Wuipsoi's Distillery.
 18285 | D:14     | Found a portal to a secret trove of treasure.
 18365 | Trove    | Entered a treasure trove
 18370 | Trove    | Found the +7 mace of Variability {chaos, chaos arc}
 18399 | Trove    | Identified the ring of Toxuap {rN+ Dex+3}
 18408 | Trove    | Identified the ring "Quneipry" {rC+ Int+3}
 19065 | D:14     | Found a basalt altar of Yredelemnul.
 19068 | D:14     | Found an opulent altar of Gozag.
 19068 | D:14     | Found a shimmering altar of Xom.
 19070 | D:14     | Found a basalt altar of Yredelemnul.
 19070 | D:14     | Found a shimmering altar of Xom.
 19070 | D:14     | Found an ornate altar of the Wu Jian Council.
 19445 | D:15     | Entered Level 15 of the Dungeon
 19458 | D:15     | Identified the +6 lajatang of Dung {freeze, rElec Dex+4}
 19496 | D:15     | Noticed Josephine
 19506 | D:15     | Killed Josephine
 19583 | D:15     | Reached skill level 15 in Shapeshifting
 19786 | D:15     | Found a staircase to the Depths.
 19855 | D:15     | Found a stormy altar of Qazlal.
 19922 | D:15     | Noticed Jorgrun
 19936 | D:15     | Killed Jorgrun
 20502 | Orc:1    | Entered Level 1 of the Orcish Mines
 20505 | Orc:1    | Found Ollog's Armour Shop.
 20934 | Orc:1    | Bought the +10 plate armour of Sif Muna's Delight {rC+
                  | Stlth+} for 1257 gold pieces
 21158 | Orc:2    | Entered Level 2 of the Orcish Mines
 21166 | Orc:2    | Found a staircase to the Elven Halls.
 21566 | Orc:2    | Found Zogut's Armour Emporium.
 21621 | Orc:2    | Noticed Saint Roka
 22320 | Orc:2    | Slain by Saint Roka

Illustrated notes

Levels and vault maps discovered:
D:1:      minmay_arrival_wavy_path, layout_basic, grunt_decor_mini_mirrors,
          minmay_misc_feat_four_crosses, minmay_strange_pillars
D:2:      layout_basic, serial_shops, nicolae_diamond_shop, minmay_between
D:3:      layout_rooms, nicolae_hepliaklqana_monster_ancestors,
          marbit_many_paths
D:4:      layout_basic, temple_green, uniq_pargi
D:5:      layout_loops_ring, chequers_arboretum
D:6:      layout_rooms, trog_book, uniq_edmund, uniq_eustachio
D:7:      layout_cave_pods, tso_altar, enter_ossuary_1, hex_tiny,
          nrook_pool_corridor, minivault_1, minmay_manual_mail
D:8:      layout_basic, gammafunk_temple_overflow_pools, jmf_multi_god_temple
D:9:      layout_long_grid, general_overflow_altar, lair_entry_dummy,
          enter_bailey_3
D:10:     layout_basic, david_orc_3, hangedman_decor_push, st_stairs_12,
          serial_park_tiny_1, uniq_amaemon
D:11:     layout_grid_maze, centaur_isle
D:12:     layout_rooms
D:13:     layout_big_octagon, hangedman_vaults_entry_quadrant_bands,
          serial_shops, shop
D:14:     layout_roguey, hangedman_abyss_or_decor_stagger,
          nicolae_trove_entry_free_sample, drop_trap, doesnt_xom_only_xom
D:15:     grunt_enter_depths_hoard, layout_irregular_city,
          nicolae_qazlal_style_of_elements, uniq_jorgrun, uniq_josephine
Lair:1:   layout_loops_ring, nicolae_quartered_pool_little,
          chequers_serial_rivers_micro_c
Lair:2:   layout_loops_ring, hellmonk_spider_entry_life_and_decay,
          gammafunk_ghost_abyssal_escape
Lair:3:   layout_small_grid, swamp_mist_pool, portal_ice_cave_entry_imps,
          lemuel_old_faithful, lemuel_fruit_fields
Lair:4:   layout_long_grid, minmay_slime_entry_oklob_open, st_stairs_8,
          minivault_23, eino_small_chamber_without_monster
Lair:5:   cheibrodos_lair_end_hotspot, layout_long_grid
Orc:1:    layout_caves, special_room [special_room_orc], serial_shops, shop
Orc:2:    grunt_orc_community_town_hall, layout_caves,
          grunt_orc_community_big_house_2, grunt_orc_community_big_house_2,
          grunt_orc_community_house_3, grunt_orc_community_house_3,
          grunt_orc_community_house_1, grunt_orc_community_house_1,
          grunt_orc_community_house_1

Skill      XL: |  1  2  3  4  5  6  7  8  9 10 11 12 13 14 15 |
---------------+----------------------------------------------+-----
Unarmed Combat | 3 4 5 6 8 11 12 | 12.6
Invocations    | 1 2 3 4 5 6 |  6.0
Shields        | 1 2 3 4 5 |  5.0
Fighting       | 4 6 8 10 | 10.6
Armour         | 3 5 |  5.0
Dodging        | 3 5 |  5.0
Evocations     | 3 |  3.0
Shapeshifting  | 5 9 10 13 15 | 15.9
Stealth        | |  6.0

Action                     |  1- 3 |  4- 6 |  7- 9 | 10-12 | 13-15 || total
---------------------------+-------+-------+-------+-------+-------++-------
  Melee: Unarmed           |    74 |   108 |   210 |   403 |   623 ||  1418
         Bite              |    17 |    27 |    73 |   141 |   216 ||   474
         Punch             |       |       |       |     7 |    36 ||    43
 Invoke: Ancestor Identity |     1 |       |       |       |       ||     1
         Ancestor Life: Ba |       |     1 |       |       |       ||     1
         Idealise          |       |       |       |     5 |     3 ||     8
         Recall Ancestor   |       |       |       |     1 |     2 ||     3
  Evoke: Wand              |       |       |     2 |    29 |    22 ||    53
    Use: Scroll            |       |       |     1 |    12 |    12 ||    25
         Potion            |       |       |       |     5 |     4 ||     9
   Stab: Sleeping          |     4 |       |       |     5 |     1 ||    10
         Distracted        |       |       |     5 |    14 |    11 ||    30
 Armour: Leather armour    |    12 |       |    45 |    20 |       ||    77
         Chain mail        |     3 |    44 |    28 |       |   149 ||   224
         Ring mail         |       |       |       |    64 |    21 ||    85
         Plate armour      |       |       |       |       |    49 ||    49
  Dodge: Dodged            |    35 |    39 |    87 |   267 |   488 ||   916
  Block: Buckler           |     5 |     6 |       |       |       ||    11
         Kite shield       |       |    35 |   136 |   263 |    17 ||   451
   Form: Blade             |       |       |       |     1 |     2 ||     3
                           |       |       |       |       |     2 ||     2

Table legend: (Time is in decaauts)
 A = Elapsed time spent in this place.
 B = Non-inter-level travel time spent in this place.
 C = Inter-level travel time spent in this place.
 D = Time resting spent in this place.
 E = Time spent auto-exploring this place.
 F = Levels seen in this place.
 G = Mean time per level.
                   A        B        C        D        E       F      G
               +--------+--------+--------+--------+--------+-----+--------+
         Total |  22192 |  20334 |   1858 |   3361 |  11749 |  26 |  853.5 |
       Dungeon |  13564 |  12378 |   1186 |   1805 |   7803 |  15 |  904.3 |
          Lair |   5937 |   5298 |    639 |    854 |   3157 |   5 | 1187.4 |
  Orcish Mines |   1494 |   1462 |     32 |    405 |    664 |   2 |  747.0 |
         Trove |     70 |     70 |      0 |      0 |      0 |   1 |   70.0 |
       Ossuary |    300 |    300 |      0 |      0 |     48 |   1 |  300.0 |
        Bailey |    444 |    444 |      0 |    122 |     76 |   1 |  444.0 |
      Ice Cave |    380 |    380 |      0 |    175 |      0 |   1 |  380.0 |
               +--------+--------+--------+--------+--------+-----+--------+

Top non-repeatable levels by time:
    D:11: 2423 daAuts
  Lair:5: 1378 daAuts
  Lair:2: 1342 daAuts
    D:10: 1261 daAuts
  Lair:4: 1134 daAuts
  Lair:1: 1092 daAuts
  Lair:3: 989 daAuts
     D:1: 987 daAuts
    D:15: 969 daAuts
    D:13: 900 daAuts
   Orc:1: 870 daAuts
     D:4: 838 daAuts
     D:8: 836 daAuts
     D:7: 784 daAuts
     D:2: 777 daAuts
